Map: 光影交错-天梯版

Players

TIME (Oliveira)

  • Race: Terran Terran

Cyan - Winner!

  • Race: Protoss Protoss
  • League: Master

Event: DreamHack SC2 Masters 2020 Winter

VOD

Have the link to the VOD?

Description

Time

  • Played on: Oct. 30, 2020, 8:55 a.m.
  • Length: 14:25

All games in this series

Show
View Real Time Build Order
Export as new Build Order

TIME Terran 

Build Orders: Liberator Opening 

Get SALT Encoding   

  12  0:00  SCV  
  13  0:12  SCV  
  14  0:17  Supply Depot  
  14  0:24  SCV  
  15  0:39  SCV  
  15  0:41  Barracks  
  16  0:45  Refinery  
  16  0:51  SCV  
  17  1:03  SCV  
  18  1:15  SCV  
  19  1:27  Marine  
  19  1:28  Orbital Command  
  20  1:43  Command Center  
  20  1:53  SCV  
  21  1:56  Factory  
  21  2:05  Barracks Reactor  
  21  2:06  SCV  
  22  2:12  Supply Depot  
  22  2:13  Refinery  
  22  2:18  SCV  
  23  2:33  SCV  
  24  2:40  Starport  
  24  2:45  Hellion x2  
  24  2:46  SCV  
  29  2:55  Orbital Command  
  29  2:58  SCV  
  29  3:05  Orbital Command  
  29  3:06  Widow Mine x2  
  33  3:18  Medivac  
  35  3:21  SCV  
  35  3:26  Supply Depot  
  36  3:28  Widow Mine x2  
  36  3:33  SCV  
  36  3:34  Barracks Tech Lab  
  41  3:35  SCV  
  42  3:45  SCV  
  42  3:47  SCV  
  41  3:56  Liberator  
  41  3:57  SCV, Bunker  
  41  3:59  SCV  
  41  4:01  Marine x2  
  48  4:09  SCV  
  47  4:11  SCV  
  47  4:12  Siege Tank  
  51  4:20  Marine  
  51  4:21  SCV, Marine  
  54  4:25  Supply Depot  
  54  4:38  Command Center  
  54  4:46  Marine x2  
  54  4:47  SCV x2  
  58  4:54  Starport Tech Lab  
  58  4:57  Siege Tank  
  58  4:59  SCV  
  62  5:01  Supply Depot  
  62  5:02  Bunker  
  62  5:06  Marine x2  
  62  5:07  SCV  
  65  5:13  SCV  
  66  5:15  Raven  
  66  5:19  SCV  
  69  5:25  SCV  
  69  5:27  Marine x2  
  72  5:29  Barracks  
  72  5:33  Barracks  
  69  5:37  SCV  
  69  5:39  SCV  
  68  5:43  Siege Tank  
  68  5:49  SCV  
  66  5:59  SCV  
  66  6:02  Refinery x2  
  66  6:03  SCV, Viking, Engineering Bay x2  
  69  6:07  Orbital Command  
  66  6:12  SCV  
  66  6:15  SCV  
  68  6:21  Marine x2  
  68  6:24  SCV  
  71  6:27  SCV, Barracks Tech Lab  
  71  6:31  Terran Infantry Weapons Level 1  
  72  6:34  Orbital Command  
  72  6:35  Terran Infantry Armor Level 1  
  72  6:36  SCV  
  72  6:39  SCV, Marine, Barracks  
  74  6:40  Barracks  
  75  6:48  SCV  
  75  6:50  Marauder, Marine  
  75  6:51  SCV, Stimpack  
  77  6:58  Combat Shield  
  77  7:00  SCV  
  77  7:05  SCV  
  77  7:07  SCV  
  79  7:11  Marauder  
  79  7:12  SCV  
  79  7:14  Marine x2  
  84  7:17  SCV  
  84  7:20  SCV  
  84  7:23  Starport Reactor  
  84  7:24  SCV  
  84  7:29  Barracks Reactor, SCV, Barracks Tech Lab  
  86  7:31  Marauder  
  86  7:32  SCV  
  86  7:33  Marauder  
  86  7:34  Supply Depot  
  86  7:35  Marine x2  
  93  7:37  SCV  
  93  7:41  SCV  
  93  7:44  SCV  
  88  7:47  Marine  
  88  7:48  Siege Tank  
  88  7:50  SCV, Supply Depot  
  90  7:52  Marauder, Marine  
  90  7:55  SCV  
  90  7:56  SCV  
  90  7:57  Supply Depot, Refinery x2  
  95  7:58  Armory  
  95  8:00  Marine  
  95  8:01  Marauder  
  95  8:02  SCV, Viking  
  101  8:06  Concussive Shells  
  101  8:11  SCV x2, Marine x2  
  101  8:12  Marauder  
  107  8:14  SCV  
  107  8:15  Marine  
  107  8:16  Bunker  
  107  8:18  Marauder  
  104  8:21  Marine  
  104  8:22  Marauder  
  104  8:24  SCV x2  
  104  8:26  SCV  
  107  8:29  Marine  
  107  8:31  Viking, Siege Tank  
  107  8:33  Marauder  
  111  8:34  Marine  
  111  8:35  Marine  
  111  8:36  SCV x2  
  111  8:38  SCV  
  116  8:44  Marauder  
  116  8:45  Medivac  
  116  8:46  Supply Depot, Marauder  
  116  8:47  Command Center, Marine  
  116  8:48  SCV, Marine  
  124  8:53  Supply Depot  
  124  8:54  Supply Depot, Terran Infantry Weapons Level 2  
  125  9:00  Marine  
  125  9:08  SCV, Marine, Siege Tank  
  130  9:10  Supply Depot x2  
  130  9:11  Marauder  
  130  9:12  Supply Depot  
  130  9:13  Marauder  
  130  9:15  Marine  
  135  9:18  Marauder, Marine  
  130  9:27  Marine  
  113  9:32  Marauder, Marine  
  113  9:33  Medivac, Marine  
  113  9:35  SCV  
  116  9:43  Siege Tank  
  116  9:44  SCV, Terran Infantry Armor Level 2, Marine x2  
  116  9:45  Marauder  
  115  9:46  SCV, Marine  
  115  9:50  Marine  
  117  9:54  Marauder  
  117  9:56  Ghost Academy  
  117  9:58  Bunker  
  119  10:00  Medivac  
  119  10:01  Sensor Tower  
  119  10:02  Marine  
  119  10:05  Marauder  
  124  10:09  Marauder, Marine x2  
  124  10:12  SCV  
  124  10:13  Marine  
  130  10:19  Marine  
  131  10:25  SCV  
  131  10:27  Marauder, Marine x2  
  135  10:29  Bunker  
  135  10:31  Marauder  
  135  10:33  Planetary Fortress  
  133  10:37  Marine x2  
  133  10:38  Marauder  
  133  10:39  Siege Tank  
  134  10:45  Marine x2  
  134  10:46  SCV x2  
  134  10:48  Marauder  
  135  10:53  Marine  
  135  10:55  Medivac x2, Marine  
  135  10:56  SCV  
  140  10:59  Marauder, Marine  
  140  11:03  SCV, Marine  
  142  11:07  Missile Turret  
  142  11:14  Refinery  
  142  11:15  Marauder, Marine x2  
  142  11:16  Sensor Tower, Siege Tank  
  149  11:20  Ghost  
  149  11:23  Missile Turret  
  149  11:24  Ghost  
  149  11:25  SCV x2  
  155  11:26  SCV  
  155  11:30  SCV  
  157  11:33  Supply Depot  
  157  11:35  Marine x3  
  157  11:36  Ghost  
  157  11:37  SCV  
  163  11:41  Marine  
  150  11:49  Marauder  
  150  11:51  SCV  
  150  11:53  Marine x3  
  150  11:54  Liberator, Siege Tank  
  150  11:57  SCV x2  
  155  12:06  SCV  
  148  12:09  SCV  
  148  12:10  Marine x2  
  148  12:11  SCV  
  148  12:13  SCV  
  148  12:14  Ghost  
  148  12:15  Sensor Tower  
  152  12:18  SCV  
  152  12:20  Marauder  
  155  12:24  Supply Depot  
  155  12:27  Marine  
  156  12:33  Supply Depot  
  156  12:39  Marine x2, Liberator  
  156  12:40  Siege Tank  
  156  12:46  Marauder x3, Marine x2  
  156  12:50  Supply Depot  
  164  12:55  SCV, Medivac  
  167  13:04  Marine  
  159  13:06  Marine  
  159  13:11  Sensor Tower  
  159  13:12  Ghost  
  161  13:13  Command Center, Missile Turret, Marauder  
  161  13:14  Marauder  
  161  13:18  Refinery  
  165  13:20  Refinery  
  165  13:22  Marine  
  165  13:23  Missile Turret  
  165  13:24  Refinery  
  165  13:26  Marine x2  
  170  13:34  Marauder  
  170  13:38  Ghost  
  170  13:40  Barracks  
  170  13:41  Barracks  
  169  13:44  Barracks  
  140  13:49  Marine  
  140  13:51  Ghost  
Show
View Real Time Build Order
Export as new Build Order

Cyan Protoss - Winner!

Build Orders: 1 Gate Expand, Colossus Rush 

Get SALT Encoding   

  12  0:00  Probe  
  13  0:12  Probe  
  14  0:17  Pylon  
  14  0:24  Probe (Chrono Boost)  
  15  0:36  Probe (Chrono Boost), Gateway  
  16  0:44  Probe (Chrono Boost)  
  16  0:45  Assimilator  
  17  0:51  Probe  
  18  1:03  Probe  
  19  1:15  Probe  
  20  1:24  Cybernetics Core  
  20  1:32  Nexus  
  20  1:34  Probe  
  21  1:41  Pylon  
  21  1:46  Probe  
  22  1:50  Assimilator  
  22  1:57  Adept (Chrono Boost)  
  22  1:58  Probe  
  22  2:00  Warp Gate  
  25  2:10  Probe  
  26  2:17  Adept (Chrono Boost)  
  26  2:22  Probe  
  29  2:31  Robotics Facility  
  29  2:34  Probe  
  30  2:41  Adept (Chrono Boost)  
  32  2:44  Probe  
  32  2:46  Probe  
  34  2:56  Probe  
  35  2:58  Probe  
  36  3:06  Stalker  
  36  3:08  Probe  
  36  3:10  Probe  
  40  3:14  Gateway  
  40  3:17  Pylon  
  40  3:20  Probe (Chrono Boost)  
  40  3:21  Observer  
  40  3:24  Probe (Chrono Boost)  
  43  3:29  Robotics Bay  
  43  3:33  Probe (Chrono Boost)  
  44  3:40  Probe (Chrono Boost)  
  46  3:41  Probe (Chrono Boost)  
  46  3:47  Probe x2, Warp Prism (Chrono Boost)  
  47  3:49  Assimilator  
  47  3:51  Pylon  
  48  3:58  Pylon  
  48  3:59  Probe x2  
  50  4:11  Probe x2  
  50  4:14  Stalker  
  50  4:16  Stalker  
  52  4:17  Colossus (Chrono Boost)  
  52  4:23  Probe  
  59  4:25  Probe  
  59  4:26  Assimilator  
  60  4:32  Gateway  
  60  4:34  Gravitic Drive  
  60  4:40  Pylon  
  60  4:44  Stalker  
  62  4:46  Stalker  
  62  4:47  Probe  
  62  4:51  Probe  
  62  4:52  Pylon  
  66  4:59  Probe  
  67  5:02  Observer (Chrono Boost)  
  67  5:04  Probe  
  69  5:08  Twilight Council  
  69  5:10  Stalker  
  71  5:14  Pylon  
  71  5:22  Nexus  
  71  5:28  Probe  
  71  5:29  Disruptor  
  72  5:36  Probe, Pylon  
  73  5:51  Probe  
  74  5:57  Blink (Chrono Boost)  
  74  6:03  Probe  
  75  6:04  Probe  
  75  6:06  Pylon, Disruptor  
  75  6:11  Gateway  
  79  6:14  Gateway x2  
  79  6:15  Probe  
  79  6:16  Probe  
  80  6:27  Probe  
  80  6:28  Probe  
  80  6:32  Disruptor  
  82  6:33  Gateway  
  82  6:35  Gateway  
  82  6:38  Probe, Pylon  
  82  6:39  Probe  
  84  6:40  Probe  
  84  6:41  Forge  
  88  6:50  Probe  
  88  6:53  Probe  
  90  6:58  Zealot x3  
  96  7:08  Disruptor  
  99  7:10  Probe, Protoss Ground Weapons Level 1 (Chrono Boost)  
  99  7:13  Probe  
  95  7:24  Stalker  
  95  7:25  Stalker x5  
  95  7:26  Charge (Chrono Boost)  
  107  7:31  Probe  
  107  7:33  Assimilator  
  108  7:37  Assimilator  
  94  7:50  Probe x3  
  91  7:51  Pylon  
  91  7:52  Stalker x3  
  91  7:53  Stalker x3  
  91  7:54  Stalker x2  
  91  7:56  Observer  
  108  8:01  Nexus  
  108  8:11  Probe  
  109  8:13  Pylon  
  109  8:17  Templar Archives  
  109  8:23  Zealot x2  
  109  8:24  Zealot x4  
  117  8:34  Probe  
  117  8:38  Pylon, Forge  
  118  8:43  Zealot x2  
  118  8:46  Zealot x5  
  132  8:48  Zealot  
  134  8:56  Probe x3  
  134  8:57  Protoss Ground Weapons Level 2 (Chrono Boost)  
  137  9:04  Zealot x2  
  137  9:07  Zealot x3, Protoss Ground Armor Level 1 (Chrono Boost)  
  137  9:08  Probe x2  
  124  9:35  Stalker x7  
  112  9:46  Warp Prism (Chrono Boost)  
  112  9:47  Stalker x8  
  112  9:51  Probe  
  112  9:52  Probe  
  128  9:53  Assimilator  
  128  9:54  Assimilator  
  128  10:05  Shield Battery  
  128  10:06  Shield Battery, Photon Cannon  
  128  10:11  Sentry x2  
  128  10:12  Gateway  
  128  10:13  High Templar x2  
  128  10:14  Gateway, Disruptor (Chrono Boost)  
  136  10:15  High Templar x3  
  145  10:22  Archon  
  145  10:33  Stalker  
  143  10:36  Stalker x2  
  141  10:47  Archon  
  141  10:48  Zealot x3  
  141  10:49  Zealot, Gateway  
  149  10:51  Gateway, High Templar  
  149  10:55  Probe  
  149  10:56  Warp Prism (Chrono Boost)  
  152  11:11  Protoss Ground Weapons Level 3 (Chrono Boost)  
  152  11:19  Zealot x7  
  152  11:20  Zealot x2  
  152  11:24  Protoss Ground Armor Level 2 (Chrono Boost)  
  152  11:25  Archon  
  170  11:28  Dark Shrine  
  170  11:33  Nexus  
  170  11:36  Pylon  
  166  11:52  Zealot x8  
  156  12:13  High Templar x8  
  156  12:14  High Templar x4  
  168  12:17  Disruptor  
  168  12:18  Robotics Facility  
  168  12:19  Archon x5  
  168  12:20  Archon  
  171  12:26  Photon Cannon  
  171  12:27  Photon Cannon  
  171  12:29  Shield Battery  
  171  12:36  Extended Thermal Lance  
  171  12:42  Shadow Stride (Chrono Boost)  
  163  12:46  Zealot x12  
  174  13:06  Colossus  
  174  13:07  Colossus  
  174  13:12  Dark Templar x4  
  194  13:16  Pylon  
  194  13:17  Assimilator x2  
  188  13:34  Nexus  
  180  13:51  Zealot x3  
  180  13:52  Zealot x9  
Tags
 
Add a new tag
Caveats
  • Supply blocks, unpowered buildings, or Contaminate may cause inaccurate times.
  • Supply counts are checked every 10 seconds.